 Dungeon Crawl Stone Soup version 0.17.0-18-gaab0e96 (webtiles) character file.

140 JudasIscariot the Insei (level 5, -7/41 HPs)
             Began as a Demonspawn Monk on Nov 11, 2015.
             Mangled by JudasIscariot's ghost (9 damage)
             ... on level 3 of the Dungeon.
             The game lasted 00:05:39 (2359 turns).

JudasIscariot the Insei (Demonspawn Monk)           Turns: 2359, Time: 00:05:39

Health: -7/41      AC:  3    Str: 16    XL:     5   Next: 2%
Magic:  5/5        EV: 14    Int: 12    God:
Gold:   76         SH:  0    Dex: 16    Spells: 0 memorised, 4 levels left

rFire  . . .     SeeInvis .       - Unarmed
rCold  . . .     Clarity  .     a - +0 robe
rNeg   . . .     SustAt   .     (no shield)
rPois  .         Gourm    .     (helmet restricted)
rElec  .         Spirit   .     d - +0 cloak (curse)
rCorr  .         Warding  .     (no gloves)
rMut   .         Stasis   .     (no boots)
MR     .....                    (no amulet)
Stlth  ++........               (no ring)
                                (no ring)

@: mighty, not resistant to hostile enchantments, unstealthy
A: horns 1, powered by pain 1
a: no special abilities


You were on level 3 of the Dungeon.
You were hungry.

You visited 1 branch of the dungeon, and saw 3 of its levels.

You collected 76 gold pieces.

Inventory:

Armour
 a - a +0 robe (worn)
 d - a cursed +0 cloak (worn)
Scrolls
 e - a scroll of identify {unknown}
 g - 6 scrolls of remove curse {unknown}
 h - a scroll of fog {unknown}
 i - a scroll of noise {unknown}
 o - a scroll of blinking {unknown}
Potions
 j - a potion of heal wounds {unknown}
 m - a potion of poison {unknown}
Comestibles
 b - a bread ration
 c - a slice of pizza
 l - 5 meat rations


   Skills:
 * Level 3.5 Fighting
 * Level 3.8 Dodging
 - Level 1.7 Stealth
 * Level 4.7 Unarmed Combat


You had 4 spell levels left.
You didn't know any spells.

Dungeon Overview and Level Annotations

Branches:
Dungeon (3/15)

Altars:
The Shining One

Annotations:
D:2 Natasha
D:3 JudasIscariot's ghost, amateur TrMo


Innate Abilities, Weirdness & Mutations

You have a pair of small horns on your head.
You sometimes gain a little power by taking damage.


Message History

You feel better.
JudasIscariot's ghost closely misses you.
You barely miss JudasIscariot's ghost.
Your headbutt misses JudasIscariot's ghost.
JudasIscariot's ghost is moderately damaged.
JudasIscariot's ghost misses you.
You hit JudasIscariot's ghost but do no damage.
JudasIscariot's ghost is moderately damaged.
JudasIscariot's ghost barely misses you.
You hit JudasIscariot's ghost.
JudasIscariot's ghost is moderately damaged.
JudasIscariot's ghost hits you!
* * * LOW HITPOINT WARNING * * *
Read which item? (? for menu, Esc to quit)
Okay, then.
Drink which item? (? for menu, Esc to quit)
It was a potion of might.
You feel very mighty all of a sudden. JudasIscariot's ghost hits you!
You die...

#... ### ... ..##
#..###.. ####.......
..#...##.# #!#...##.#
.######.###.##.#######
......................
.######@####.#[##.####
#W# #...##.# #.#
##..##.# ... #..##.#
##.#. #..##.######
#.#.# #........... #.#
# #.###.###### ..# #.
#.# # ### ## #.# #


You could see JudasIscariot's ghost.

Vanquished Creatures
  Natasha (twice) (D:2)
  An orc wizard (D:3)
  Robin (D:2)
  An adder (D:2)
  An ooze (D:2)
  A worm (D:2)
  2 giant geckos (D:1)
  4 orcs (D:3)
  3 giant cockroaches (D:1)
  11 hobgoblins
  2 jackals (D:1)
  2 ball pythons (D:1)
  5 bats
  2 giant newts
  8 goblins
  2 kobolds (D:1)
  4 rats
52 creatures vanquished.

Notes
Turn   | Place    | Note
--------------------------------------------------------------
     0 | D:1      | JudasIscariot the Demonspawn Monk began the quest for the Orb.
     0 | D:1      | Reached XP level 1. HP: 18/18 MP: 1/1
   155 | D:1      | Gained mutation: You sometimes gain a little power by taking damage. [demonic ancestry]
   155 | D:1      | Reached XP level 2. HP: 9/24 MP: 2/2
   808 | D:1      | Reached skill level 4 in Unarmed Combat
  1014 | D:2      | Reached XP level 3. HP: 22/29 MP: 3/3
  1309 | D:2      | Noticed Natasha
  1330 | D:2      | Killed Natasha
  1464 | D:2      | Noticed Natasha
  1622 | D:2      | Killed Natasha
  1622 | D:2      | Reached XP level 4. HP: 14/35 MP: 4/4
  1658 | D:2      | Noticed Robin
  1696 | D:2      | Killed Robin
  2119 | D:2      | Noticed Natasha
  2121 | D:2      | Found a glowing golden altar of the Shining One.
  2334 | D:3      | Noticed JudasIscariot's ghost (amateur TrMo)
  2343 | D:3      | Gained mutation: You have a pair of small horns on your head. [demonic ancestry]
  2343 | D:3      | Reached XP level 5. HP: 24/41 MP: 5/5
  2358 | D:3      | HP: 2/41 [JudasIscariot's ghost (16)]
  2359 | D:3      | Mangled by JudasIscariot's ghost

Action                   |  1- 3 |  4- 6 || total
-------------------------+-------+-------++-------
Melee: Unarmed           |   106 |    99 ||   205
  Use: Potion            |       |     5 ||     5
 Stab: Sleeping          |     1 |       ||     1
  Eat: Chunk             |     2 |     2 ||     4
